AoeStats
← DaTuRa

Arena

510147899Analyzed
4v4 RM · 4d ago on Sep 29, 2026· 42m 53s· 8 players
Game mode
Random Map
Map size
Large (8 player)
Population
200
Speed
Normal
Resources
Standard
Victory
Conquest
Starting age
Dark Age
Ending age
Imperial Age
RankedLock teamsTeams togetherTeam positionsShared explorationLock speedFull tech treeHidden civsTurbo modeCheats
Victory
Defeat
🇨🇳 Celts · China
1442
+17
🇨🇦 Ethiopians · Canada
1431
+17
🇮🇳 Persians · India
1398
+18
🇵🇱 Danes · Poland
1390
+19
🇹🇷 Huns · Türkiye
1526
-21
🇹🇷 Tatars · Türkiye
1495
-19
🇹🇷 Khmer · Türkiye
1420
-16
🇹🇷 Persians · Türkiye
1376
-15
Kubiasty
2:31 Loom
9:59 Feudal Age
13:21 Castle Age
11:56 Loom
12:35 Double-Bit Axe
13:28 Gold Mining
19:07 Horse Collar
25:56 Imperial Age
24:09 Bow Saw
24:48 Heavy Plow
25:25 Gold Shaft Mining
25:44 Fletching
28:01 Chemistry
27:22 Ballistics
27:55 Bodkin Arrow
31:06 Bracer
32:12 Scale Mail Armor
32:22 Forging
35:05 Chain Mail Armor
34:52 Town Watch
36:52 Wheelbarrow
36:12 Capped Ram
37:18 Conscription
37:58 Redemption
38:09 Sanctity
38:05 Block Printing
37:54 Stone Mining
38:59 Iron Casting
40:30 Plate Mail Armor
39:49 Arson
40:06 Squires
40:14 Scale Barding Armor
41:11 Blast Furnace
41:02 Elite Jomsviking
41:47 Hamask
Ranchy
9:42 Feudal Age
13:28 Castle Age
11:44 Double-Bit Axe
14:35 Bow Saw
16:31 Loom
19:38 Horse Collar
20:57 Wheelbarrow
20:27 Town Watch
26:09 Imperial Age
23:59 Fletching
25:03 Bodkin Arrow
24:31 Crossbowman
25:34 Padded Archer Armor
26:15 Hand Cart
26:02 Stone Mining
26:42 Leather Archer Armor
26:59 Bracer
28:19 Ballistics
28:50 Thumb Ring
29:52 Ring Archer Armor
29:12 Arbalester
34:00 Fervor
34:53 Chemistry
34:41 Conscription
35:07 Elite Skirmisher
36:28 Stone Shaft Mining
39:02 Torsion Engines
39:40 Halberdier
40:20 Squires
40:21 Scale Mail Armor
42:00 Siege Engineers
arsenalchelsea2
10:57 Feudal Age
11:55 Horse Collar
14:40 Castle Age
12:39 Double-Bit Axe
15:50 Bow Saw
20:54 Wheelbarrow
23:02 Stone Mining
23:05 Gold Mining
27:30 Imperial Age
26:08 Gold Shaft Mining
26:11 Stone Shaft Mining
25:34 Loom
25:34 Town Watch
26:13 Scale Barding Armor
26:53 Hand Cart
27:19 Chain Barding Armor
28:45 Plate Barding Armor
28:52 Conscription
28:54 Forging
28:58 Bloodlines
28:49 Husbandry
29:15 Heavy Plow
29:07 Elite War Elephant
33:13 Caravan
35:22 Iron Casting
37:22 Blast Furnace
36:58 Crop Rotation
37:24 Hoardings
37:01 Citadels
39:03 Fletching
40:27 Bodkin Arrow
42:28 Masonry
42:40 Ballistics
43:21 Chemistry
43:28 Coinage
很蓝的啦
9:58 Feudal Age
11:40 Double-Bit Axe
14:28 Castle Age
13:01 Horse Collar
13:39 Town Watch
13:56 Gold Mining
15:49 Bow Saw
16:20 Heavy Plow
17:39 Loom
20:52 Stone Mining
24:15 Wheelbarrow
24:22 Gold Shaft Mining
24:44 Scale Mail Armor
26:01 Stone Shaft Mining
25:56 Hand Cart
25:41 Town Patrol
26:31 Chain Mail Armor
30:06 Imperial Age
27:49 Forging
27:23 Pikeman
27:48 Arson
28:39 Ballistics
28:29 Masonry
28:35 Man-at-Arms
29:00 Gambesons
30:51 Iron Casting
30:19 Halberdier
32:28 Plate Mail Armor
31:22 Capped Ram
34:16 Siege Engineers
34:24 Siege Ram
36:21 Furor Celtica
36:31 Conscription
36:36 Elite Woad Raider
37:36 Conscription
37:24 Onager
39:24 Onager
41:34 Blast Furnace
40:56 Conscription
42:03 Siege Onager
livulove
10:58 Feudal Age
11:36 Double-Bit Axe
11:58 Horse Collar
14:35 Castle Age
15:37 Bow Saw
20:41 Loom
20:46 Town Watch
22:17 Wheelbarrow
22:41 Heavy Plow
27:22 Imperial Age
24:57 Gold Mining
25:08 Fletching
26:13 Gold Shaft Mining
25:44 Padded Archer Armor
26:15 Bodkin Arrow
27:08 Hand Cart
27:18 Bloodlines
27:50 Ballistics
27:46 Leather Archer Armor
27:50 Husbandry
28:05 Bracer
29:07 Parthian Tactics
29:45 Chemistry
29:29 Thumb Ring
29:54 Heavy Cavalry Archer
33:26 Capped Ram
35:08 Two-Man Saw
34:38 Conscription
35:25 Masonry
34:37 Siege Ram
Ramci
10:21 Feudal Age
14:26 Castle Age
12:20 Double-Bit Axe
12:49 Horse Collar
15:06 Bow Saw
19:35 Wheelbarrow
21:05 Loom
31:36 Imperial Age
29:24 Forging
29:41 Scale Barding Armor
29:58 Bloodlines
29:49 Husbandry
30:47 Iron Casting
29:38 Pikeman
30:29 Scale Mail Armor
30:57 Squires
31:31 Chain Barding Armor
31:27 Arson
31:58 Chain Mail Armor
31:23 Cavalier
33:17 Two-Man Saw
33:09 Plate Mail Armor
33:40 Blast Furnace
33:16 Plate Barding Armor
32:43 Heavy Plow
32:28 Halberdier
33:01 Fletching
33:13 Kamandaran
32:53 Light Cavalry
33:41 Crossbowman
34:26 Thumb Ring
34:48 Bodkin Arrow
34:54 Padded Archer Armor
36:01 Leather Archer Armor
36:13 Heavy Camel Rider
39:40 Chemistry
38:52 Masonry
40:31 Crop Rotation
41:30 Ring Archer Armor
BLACK EAGLE
11:01 Feudal Age
14:26 Castle Age
12:12 Double-Bit Axe
12:18 Horse Collar
15:29 Bow Saw
15:48 Heavy Plow
22:32 Wheelbarrow
24:45 Loom
25:15 Hand Cart
24:46 Town Watch
25:23 Scale Barding Armor
25:41 Ballistics
25:43 Gold Mining
25:33 Light Cavalry
27:18 Bloodlines
27:08 Husbandry
28:17 Gold Shaft Mining
31:39 Imperial Age
32:30 Double Crossbow
32:07 Heavy Scorpion
34:05 Chemistry
35:38 Capped Ram
38:17 Hussar
39:22 Chain Barding Armor
39:12 Forging
41:08 Plate Barding Armor
42:57 Tusk Swords
43:18 Conscription
42:23 Elite Battle Elephant
DaTuRa
10:02 Feudal Age
13:35 Castle Age
12:20 Stone Mining
17:26 Loom
22:09 Double-Bit Axe
22:08 Horse Collar
23:50 Bow Saw
29:08 Imperial Age
27:00 Masonry
27:01 Treadmill Crane
28:18 Ballistics
30:55 Chemistry
30:54 Fletching
31:08 Heavy Plow
33:16 Husbandry
36:21 Wheelbarrow
35:39 Gold Mining
40:14 Wheelbarrow
42:37 Padded Archer Armor
Connection lost

Rejoining the realm…

Still unreachable

The connection could not be restored.

Session expired

The server has moved on; the page needs a fresh start.